 Dungeon Crawl Stone Soup version 0.20.2-3-g29329e0561 (webtiles) character file.

1071 Alfie the Archer (level 8, -4/67 HPs)
             Began as a Minotaur Hunter on July 6, 2020.
             Slain by a steam dragon (8 damage)
             ... on level 7 of the Dungeon.
             The game lasted 00:18:03 (5574 turns).

Alfie the Archer (Minotaur Hunter)                  Turns: 5574, Time: 00:18:04

Health: -4/67      AC:  3    Str: 20    XL:     8   Next: 7%
Magic:  0/7        EV: 12    Int:  8    God:
Gold:   480        SH:  0    Dex: 10    Spells: 7/7 levels left

rFire    . . .     SeeInvis .   b - +0 short sword
rCold    . . .     Gourm    .   (no shield)
rNeg     . . .     Faith    .   c - +0 leather armour
rPois    .         Spirit   +   (helmet restricted)
rElec    .         Reflect  .   j - scarf {Spirit}
rCorr    .         Harm     .   (no gloves)
MR       .....                  (no boots)
Stlth    +.........             (no amulet)
Regen    0.3/turn               (no ring)
MPRegen  0.1/turn               (no ring)

@: no status effects
A: retaliatory headbutt, horns 2
a: no special abilities


You were on level 7 of the Dungeon.
You were not hungry.

You visited 1 branch of the dungeon, and saw 7 of its levels.

You collected 480 gold pieces.

Inventory:

Hand Weapons
 a - a +1 shortbow
 b - a +0 short sword (weapon)
 q - a +0 blowgun
Missiles
 d - 45 arrows
 r - 33 poisoned needles
 u - 18 tomahawks (quivered)
Armour
 c - a +0 leather armour (worn)
 g - a +0 cloak
 j - a scarf of spirit shield (worn)
 v - a +0 pair of gloves
Jewellery
 k - an uncursed ring of resist corrosion
 l - an uncursed ring of flight
Wands
 e - a wand of flame (5/48)
 m - a wand of polymorph (9/24)
 t - a wand of iceblast (4/15)
Scrolls
 h - 3 scrolls of identify
 p - 2 scrolls of teleportation
 s - a scroll of enchant armour {unknown}
 w - a scroll of fear {unknown}
 y - a scroll of remove curse
Potions
 n - 2 potions of curing
 o - 2 potions of flight
 x - a potion of ambrosia {unknown}
 z - a potion of haste
Comestibles
 f - a bread ration
 i - 3 meat rations


   Skills:
 + Level 4.8 Fighting
 + Level 1.6 Short Blades
 + Level 9.6 Bows
 + Level 2.5 Armour
 + Level 3.1 Dodging
 + Level 1.4 Stealth


You had 7 spell levels left.
You didn't know any spells.

Dungeon Overview and Level Annotations

Branches:
Dungeon (7/15)             Temple (0/1) D:4

Altars:
Ashenzari
Fedhas
Hepliaklqana
Okawaru
Ru
Uskayaw
Yredelemnul
Zin
The Shining One


Innate Abilities, Weirdness & Mutations

You reflexively headbutt those who attack you in melee.
You have a pair of horns on your head.


Message History

Throwing (i - inventory):
u - 20 tomahawks (quivered)
Press: ? - help, Shift-Dir - straight line, f/p - adder zombie
Aim: an adder zombie (lightly damaged)
You throw a tomahawk.
The tomahawk closely misses the adder zombie.
The tomahawk hits the steam dragon but does no damage.
The adder zombie bites you but does no damage.
Throwing (i - inventory):
u - 19 tomahawks (quivered)
Press: ? - help, Shift-Dir - straight line, f/p - adder zombie
Aim: an adder zombie (lightly damaged)
You throw a tomahawk.
The tomahawk closely misses the adder zombie.
The tomahawk hits the jackal.
You kill the jackal!
The adder zombie closely misses you. You furiously retaliate!
You headbutt the adder zombie! The steam dragon closely misses you.
The steam dragon claws you.
* * * LOW HITPOINT WARNING * * *
The adder zombie completely misses you. The steam dragon bites you!
You die...

#......########.#
###..#.#####....###.#
#).#................
#....^.###......#...
#.###......#.##.#####
#...................
####........h......
#..#....D###.#####
#.>....@Z((..(((h.
#.#####.#####.#####.
#.....#.# .#
#.###.#†# ..
#.......# ###
#####†### ###.#####
#.......# ##.......#


You could see a steam dragon, an adder zombie and a jackal.

Vanquished Creatures
  2 phantoms
  An ogre (D:5)
  2 bullfrogs
  3 scorpions
  3 crimson imps
  A bullfrog zombie (D:5)
  A jelly (D:6)
  A hound (D:7)
  An orc priest (D:3)
  2 orc wizards
  Ijyb (D:3)
  2 worker ants
  A worker ant zombie (D:6)
  7 adders
  An ooze (D:1)
  An adder zombie (D:3)
  An adder skeleton (D:5)
  4 worms
  2 dart slugs (D:1)
  2 leopard geckos (D:3)
  16 orcs
  8 bats
  3 giant cockroaches
  5 hobgoblins
  6 jackals (D:7)
  3 quokkas
  A ball python (D:3)
  6 frilled lizards
  9 goblins
  6 kobolds
  A leopard gecko skeleton (D:5)
  A quokka skeleton (D:6)
  A quokka zombie (D:5)
  8 rats
113 creatures vanquished.

Notes
Turn   | Place    | Note
-------+----------+-------------------------------------------
     0 | D:1      | Alfie the Minotaur Hunter began the quest for the Orb.
     0 | D:1      | Reached XP level 1. HP: 18/18 MP: 0/0
   161 | D:1      | Reached XP level 2. HP: 25/25 MP: 1/1
   345 | D:1      | Reached skill level 5 in Bows
   530 | D:1      | Reached XP level 3. HP: 30/30 MP: 2/2
  1831 | D:3      | Noticed Ijyb
  1850 | D:3      | Reached skill level 1 in Armour
  1857 | D:3      | Killed Ijyb
  1857 | D:3      | Reached XP level 4. HP: 15/38 MP: 3/3
  1944 | D:3      | Found a shattered altar of Ashenzari.
  2115 | D:3      | Reached skill level 6 in Bows
  2243 | D:3      | Found an iron altar of Okawaru.
  2418 | D:3      | Reached XP level 5. HP: 45/45 MP: 4/4
  2492 | D:3      | Found a blossoming altar of Fedhas.
  2492 | D:3      | Found a glowing golden altar of the Shining One.
  2525 | D:3      | Found a basalt altar of Yredelemnul.
  2527 | D:3      | Found a hazy altar of Hepliaklqana.
  2529 | D:3      | Found a faded altar of an unknown god.
  2603 | D:3      | Noticed a phantom
  2620 | D:3      | Killed a phantom
  2620 | D:3      | Reached skill level 1 in Stealth
  2746 | D:3      | Found a sacrificial altar of Ru.
  2998 | D:4      | Reached XP level 6. HP: 38/52 MP: 5/5
  3374 | D:4      | Reached skill level 7 in Bows
  3424 | D:4      | Found a staircase to the Ecumenical Temple.
  3534 | D:5      | Entered Level 5 of the Dungeon
  3667 | D:5      | Reached skill level 1 in Short Blades
  4064 | D:5      | Reached XP level 7. HP: 58/58 MP: 6/6
  4074 | D:5      | Found a hide-covered altar of Uskayaw.
  4142 | D:5      | Reached skill level 8 in Bows
  4972 | D:6      | Found a glowing silver altar of Zin.
  5344 | D:7      | Noticed a cyan ugly thing
  5347 | D:7      | Noticed a steam dragon
  5399 | D:7      | Reached skill level 9 in Bows
  5507 | D:7      | Reached XP level 8. HP: 25/67 MP: 4/7
  5574 | D:7      | Slain by a steam dragon

Skill      XL: |  1  2  3  4  5  6  7 |
---------------+----------------------+-----
Bows           | 5 6 7 9 |  9.6
Armour         | 1 2 |  2.5
Fighting       | 3 4 |  4.8
Stealth        | 1 |  1.4
Short Blades   | 1 |  1.6
Dodging        | 3 |  3.1

Action                   |  1- 3 |  4- 6 |  7- 9 || total
-------------------------+-------+-------+-------++-------
Melee: Short sword       |    30 |    37 |     3 ||    70
       Headbutt          |     6 |     3 |       ||     9
 Fire: Shortbow          |    85 |   160 |    99 ||   344
Throw: Tomahawk          |       |       |     3 ||     3
  Use: Scroll            |     4 |     3 |     5 ||    12
       Potion            |     3 |     5 |     1 ||     9
  Eat: Fruit             |     1 |     7 |       ||     8
       Royal jelly       |     1 |       |       ||     1
       Bread ration      |       |     1 |     1 ||     2
Armor: Leather armour    |    17 |    12 |     8 ||    37
Dodge: Dodged            |    37 |    46 |    26 ||   109
